 Dungeon Crawl Stone Soup version 0.21.1-1-g345015fe64 (webtiles) character file.

2843 Naru the Firebug (level 9, -3/71 HPs)
             Began as a Grey Draconian Fire Elementalist on June 16, 2018.
             Was a Priest of Vehumet.
             Hit by a silver tomahawk thrown by an orc warrior (18 damage)
             ... on level 7 of the Dungeon.
             The game lasted 00:35:23 (10102 turns).

Naru the Firebug (DrFE)                            Turns: 10102, Time: 00:35:23

Health: -3/71      AC: 15    Str: 11    XL:     9   Next: 46%
Magic:  10/17      EV: 13    Int: 19    God:    Vehumet [***...]
Gold:   285        SH:  0    Dex: 11    Spells: 3/19 levels left

rFire    . . .     SeeInvis .   b - +4 dagger (venom)
rCold    . . .     Gourm    .   (no shield)
rNeg     . . .     Faith    .   (armour unavailable)
rPois    .         Spirit   .   (helmet restricted)
rElec    .         Reflect  .   l - +0 cloak
rCorr    .         Harm     .   (no gloves)
MR       +....                  (no boots)
Stlth    ++........             (no amulet)
HPRegen  0.21/turn              i - +2 ring of protection
MPRegen  0.15/turn              x - ring of protection from magic

@: lethally poisoned (-3 -> -5)
A: walk through water, unfitting armour, unbreathing, cold-blooded, AC +12
a: Renounce Religion


You were on level 7 of the Dungeon.
You worshipped Vehumet.
Vehumet was most pleased with you.
You were not hungry.

You visited 1 branch of the dungeon, and saw 7 of its levels.

You collected 285 gold pieces.

Inventory:

Hand Weapons
 b - a +4 dagger of venom (weapon)
 g - a +2 short sword of draining
Missiles
 f - 50 poisoned needles
 k - 10 tomahawks (quivered)
Armour
 l - a +0 cloak (worn)
Jewellery
 i - a +2 ring of protection (left hand)
 n - an uncursed ring of resist corrosion
 x - a ring of protection from magic (right hand)
 C - a +5 ring of strength {unknown}
Wands
 w - a wand of flame (25)
Scrolls
 d - 2 scrolls of teleportation
 h - a scroll of magic mapping
 p - a scroll of amnesia
Potions
 e - 3 potions of curing
 j - a potion of berserk rage
 m - a potion of invisibility
 o - a potion of magic
 s - 3 potions of heal wounds
 u - a potion of cancellation
 v - 2 potions of mutation {unknown}
 z - a potion of degeneration {unknown}
Books
 a - a book of Flames

   Spells                             Type                      Level
   a - Flame Tongue                   Conjuration/Fire             1
   b - Throw Flame                    Conjuration/Fire             2
   c - Conjure Flame                  Conjuration/Fire             3
   d - Inner Flame                    Hexes/Fire                   3
   e - Sticky Flame                   Conjuration/Fire             4
   f - Fireball                       Conjuration/Fire             5
 c - a book of Misfortune

   Spells                             Type                      Level
   a - Confusing Touch                Hexes                        1
   b - Confuse                        Hexes                        3
   c - Gell's Gravitas                Translocation                3
   d - Petrify                        Transmutation/Earth          4
   e - Metabolic Englaciation         Hexes/Ice                    5
   f - Yara's Violent Unravelling     Hexes/Transmutation          5
 q - a book of Minor Magic

   Spells                             Type                      Level
   a - Magic Dart                     Conjuration                  1
   b - Blink                          Translocation                2
   c - Call Imp                       Summoning                    2
   d - Slow                           Hexes                        2
   e - Conjure Flame                  Conjuration/Fire             3
   f - Mephitic Cloud                 Conjuration/Poison/Air       3
 y - a book of Necromancy

   Spells                             Type                      Level
   a - Pain                           Necromancy                   1
   b - Animate Skeleton               Necromancy                   1
   c - Vampiric Draining              Necromancy                   3
   d - Regeneration                   Charms/Necromancy            3
   e - Animate Dead                   Necromancy                   4
   f - Borgnjor's Vile Clutch         Necromancy/Earth             5
Comestibles
 r - 2 rations
 t - 4 chunks of flesh


   Skills:
 * Level 4.0 Fighting
 - Level 0.6 Short Blades
 + Level 4.0 Dodging
 + Level 2.5 Stealth
 * Level 5.8 Spellcasting
 * Level 5.7 Conjurations
 * Level 3.4 Translocations
 * Level 6.4 Fire Magic
 * Level 4.1 Poison Magic


You had 3 spell levels left.
You knew the following spells:

 Your Spells              Type           Power        Failure   Level  Hunger
a - Flame Tongue          Conj/Fire      ####.        1%          1    None
b - Throw Flame           Conj/Fire      ####..       1%          2    None
c - Conjure Flame         Conj/Fire      ####....     1%          3    ##.....
d - Mephitic Cloud        Conj/Pois/Air  ###.....     2%          3    ##.....
e - Blink                 Tloc           N/A          4%          2    None
f - Fireball              Conj/Fire      ####......   7%          5    #####..


Dungeon Overview and Level Annotations

Branches:
Dungeon (7/15)             Temple (0/1) D:6

Altars:
Dithmenos
Fedhas
Kikubaaqudgha
Okawaru
Ru
Sif Muna
Trog
Vehumet
Xom
Yredelemnul

Annotations:
D:2 Robin
D:7 Dowan, Duvessa


Innate Abilities, Weirdness & Mutations

You can walk through water.
Your dull iron-grey scales are very hard. (AC +12)
You cannot fit into any form of body armour.
You can survive without breathing.
You are cold-blooded and may be slowed by cold attacks.


Message History

Confirm with . or Enter, or press ? or * to list all spells.
Aiming: Conjure Flame
Press: ? - help, Dir - move target cursor The fire ignites!
You feel sick.
You feel sick.
The orc wizard gestures wildly while chanting.
The orc wizard blinks!
The orc warrior throws a silver tomahawk.
The silver tomahawk hits you!
You see here a silver tomahawk.
The orc warrior throws a silver tomahawk.
The silver tomahawk hits you!
* * * LOW HITPOINT WARNING * * *
You see here a silver tomahawk.
You feel sick.
You see here 5 stones.
You feel sick.
The orc warrior throws a silver tomahawk.
The silver tomahawk hits you!!
You die...

#.(..#
#....#
#....#
###..## ####
##..# ...
#..##.#
#%)#..#
###...##
##....#
........
###<@#.##
........
#.....(.#
........
#...%##(####
.....e..
#....##(oo§#
........
#...%#####.#
........
#....# #.##
#..< #(...#
#(.#### #.(.
#....#
##.(..# #...
######
####.##....


You could see an orc warrior and an orc wizard.

Vanquished Creatures
  Eustachio (D:4)
  A hungry ghost (D:6)
  A sky beast (D:6)
  An ice beast (D:5)
  A black bear (D:6)
  3 ogres
  2 phantoms (D:4)
  3 centaurs
  A big kobold (D:7)
  4 bullfrogs (D:6)
  A water moccasin skeleton (D:5)
  2 scorpions
  5 wights (D:6)
  A jelly (D:6)
  A quasit (D:5)
  3 hounds
  2 orc priests
  10 orc wizards
  An iguana (D:4)
  Ijyb (D:5)
  2 worker ants
  A hound skeleton (D:6)
  A worker ant zombie (D:5)
  14 adders
  4 gnolls (D:5)
  2 howler monkey skeletons (D:6)
  A river rat (D:3)
  An ooze (D:2)
  An adder skeleton (D:6)
  3 worms
  3 dart slugs
  6 leopard geckos
  28 orcs
  5 giant cockroaches
  12 goblins
  7 hobgoblins
  12 jackals
  3 quokkas
  2 ball pythons
  15 bats
  3 frilled lizards
  A jackal skeleton (D:5)
  15 kobolds
  A quokka skeleton (D:5)
  11 rats
  A spectral orc (D:2)
200 creatures vanquished.

Vanquished Creatures (others)
  An orc wizard (D:7)
  A goblin (D:2)
2 creatures vanquished.

Grand Total: 202 creatures vanquished

Notes
Turn   | Place    | Note
-------+----------+-------------------------------------------
     0 | D:1      | Naru the Draconian Fire Elementalist began the quest for the Orb.
     0 | D:1      | Reached XP level 1. HP: 14/14 MP: 3/3
   361 | D:1      | Reached XP level 2. HP: 20/20 MP: 1/5
  1001 | D:1      | Reached XP level 3. HP: 27/27 MP: 2/6
  1254 | D:2      | Found a radiant altar of Vehumet.
  1254 | D:2      | Found a blossoming altar of Fedhas.
  1272 | D:2      | Learned a level 2 spell: Throw Flame
  1276 | D:2      | Learned a level 3 spell: Conjure Flame
  1285 | D:2      | Reached skill level 1 in Fighting
  1339 | D:2      | Found a faded altar of an unknown god.
  1342 | D:2      | Found a shimmering altar of Xom.
  1344 | D:2      | Found a faded altar of an unknown god.
  1369 | D:2      | Became a worshipper of Vehumet
  1606 | D:2      | Reached XP level 4. HP: 34/35 MP: 2/7
  1702 | D:2      | Noticed Robin
  2218 | D:2      | Found a basalt altar of Yredelemnul.
  2366 | D:2      | Found a bloodstained altar of Trog.
  2614 | D:3      | Found a shadowy altar of Dithmenos.
  2634 | D:3      | Reached * piety under Vehumet
  2634 | D:3      | Offered knowledge of Shock by Vehumet.
  2762 | D:3      | Reached skill level 4 in Fire Magic
  2762 | D:3      | Reached XP level 5. HP: 27/40 MP: 4/9
  3273 | D:3      | Reached XP level 6. HP: 48/48 MP: 4/11
  3298 | D:3      | Learned a level 3 spell: Mephitic Cloud
  3301 | D:3      | Learned a level 2 spell: Blink
  4000 | D:4      | Noticed Eustachio
  4735 | D:4      | Reached skill level 1 in Translocations
  4961 | D:4      | Your scales start taking on a dull iron-grey colour.
  4961 | D:4      | Reached XP level 7. HP: 55/55 MP: 1/12
  4961 | D:4      | Gained mutation: You can survive without breathing. [Grey Draconian growth]
  5060 | D:4      | Offered knowledge of Searing Ray by Vehumet.
  5079 | D:4      | Reached skill level 1 in Poison Magic
  5295 | D:4      | Reached ** piety under Vehumet
  5995 | D:4      | Reached skill level 5 in Fire Magic
  6217 | D:4      | Killed Eustachio
  6531 | D:5      | Entered Level 5 of the Dungeon
  6598 | D:5      | Reached XP level 8. HP: 48/62 MP: 5/14
  7010 | D:5      | Noticed Ijyb
  7029 | D:5      | Killed Ijyb
  7211 | D:5      | Learned a level 5 spell: Fireball
  7297 | D:5      | Found an ancient bone altar of Kikubaaqudgha.
  7397 | D:5      | Offered knowledge of Static Discharge by Vehumet.
  7397 | D:5      | Reached skill level 5 in Spellcasting
  7665 | D:5      | Found a sacrificial altar of Ru.
  7883 | D:5      | Reached *** piety under Vehumet
  7966 | D:6      | Found an iron altar of Okawaru.
  8176 | D:6      | Reached skill level 5 in Conjurations
  8348 | D:6      | Found a deep blue altar of Sif Muna.
  8593 | D:6      | Found a staircase to the Ecumenical Temple.
  8737 | D:6      | Found a bloodstained altar of Trog.
  8909 | D:6      | Reached skill level 6 in Fire Magic
  8909 | D:6      | Reached XP level 9. HP: 64/71 MP: 6/17
  9144 | D:6      | Offered knowledge of Olgreb's Toxic Radiance by Vehumet.
  9874 | D:7      | Noticed Duvessa
  9874 | D:7      | Noticed Dowan
 10102 | D:7      | Hit by a silver tomahawk thrown by an orc warrior

Skill      XL: |  1  2  3  4  5  6  7  8  9 |
---------------+----------------------------+-----
Fighting       | 1 2 3 4 |  4.0
Conjurations   | 2 3 4 5 |  5.7
Dodging        | 2 3 4 |  4.0
Fire Magic     | 4 5 6 |  6.4
Spellcasting   | 3 4 5 |  5.8
Translocations | 1 2 3 |  3.4
Poison Magic   | 2 3 4 |  4.1
Stealth        | 2 |  2.5
Short Blades   | |  0.6

Action                   |  1- 3 |  4- 6 |  7- 9 || total
-------------------------+-------+-------+-------++-------
Melee: Unarmed           |    24 |       |       ||    24
       Tailslap          |     5 |    14 |    23 ||    42
       Club              |     2 |       |       ||     2
       Short sword       |    51 |    23 |       ||    74
       Dagger            |       |   171 |   299 ||   470
 Cast: Flame Tongue      |    52 |    37 |    65 ||   154
       Throw Flame       |     6 |    48 |    90 ||   144
       Conjure Flame     |       |     2 |    18 ||    20
       Mephitic Cloud    |       |       |     9 ||     9
       Blink             |       |       |     1 ||     1
  Use: Scroll            |       |    11 |     5 ||    16
 Stab: Distracted        |       |       |     1 ||     1
       Sleeping          |       |       |     1 ||     1
  Eat: Chunk             |     1 |     1 |     9 ||    11
       Ration            |     1 |     3 |     4 ||     8
Armor: Skin              |    37 |    69 |   204 ||   310
Dodge: Dodged            |    82 |   113 |   319 ||   514
